 Dungeon Sprint DCSS version 0.23-a0-681-g26ad783 (webtiles) character file.

14 Lanoc the Sneak (level 2, 0/22 HPs)
             Began as a Naga Enchanter on Jan 10, 2019.
             Was an Initiate of Dithmenos.
             Slain by a hippogriff (6 damage)
             ... in the Dungeon (Sprint IX: "|||||||||||||||||||||||||||||").
             The game lasted 00:02:48 (513 turns).

Lanoc the Sneak (Naga Enchanter)                     Turns: 513, Time: 00:02:49

Health: 0/22       AC:  6    Str: 10    XL:     2   Next: 45%
Magic:  5/5        EV: 10    Int: 18    God:    Dithmenos [......]
Gold:   0          SH:  0    Dex: 11    Spells: 3/6 levels left

rFire    . . .     SeeInvis +   o - +2 rapier (venom)
rCold    . . .     Gourm    .   (no shield)
rNeg     . . .     Faith    .   b - +0 robe
rPois    +         Spirit   .   (no helmet)
rElec    .         Reflect  .   q - +0 cloak
rCorr    .         Harm     .   (no gloves)
MR       .....     NoTele   +   p - +0 naga barding
Stlth    +++.......             (no amulet)
HPRegen  0.07/turn              r - +2 ring of evasion
MPRegen  0.09/turn              s - +3 ring of intelligence

@: very slow
A: large, see invisible, deformed body, poison resistance, slowness 2, slow
metabolism 1, spit poison 1, AC +0
a: Spit Poison, Renounce Religion


You were in the Dungeon.
You worshipped Dithmenos.
Dithmenos was noncommittal.
You were not hungry.

You visited 1 branch

Inventory:

Hand Weapons
 a - a +1 dagger
 o - a +2 rapier of venom (weapon)
Armour
 b - a +0 robe (worn)
 p - a +0 naga barding (worn)
 q - a +0 cloak (worn)
Magical Staves
 n - an uncursed staff of energy
Jewellery
 r - a +2 ring of evasion (left hand)
 s - a +3 ring of intelligence (right hand)
Wands
 m - a wand of iceblast (10)
Scrolls
 j - 2 scrolls of blinking
 k - 3 scrolls of remove curse
 l - 2 scrolls of amnesia
Potions
 e - a potion of invisibility
 f - 2 potions of heal wounds
 g - a potion of haste
 h - 4 potions of magic
 i - 4 potions of curing
Comestibles
 c - 5 chunks of flesh
 d - a ration


   Skills:
 + Level 1.8 Short Blades
 + Level 2.1 Dodging
 * Level 6.0 Stealth
 + Level 2.5 Spellcasting
 * Level 3.9 Hexes


You had 3 spell levels left.
You knew the following spells:

 Your Spells              Type           Power        Failure   Level  Hunger
a - Corona                Hex            ###....      3%          1    #......
b - Ensorcelled Hibernat  Hex/Ice        #.....       12%         2    ##.....

Your spell library contained the following spells:

 Spells                   Type           Power        Failure   Level  Hunger
 Confuse                  Hex            ###.....     11%         3    ###....
 Tukima's Dance           Hex            ###.....     11%         3    ###....
 Dazzling Spray           Conj/Hex       #.....       22%         3    ###....


Dungeon Overview and Level Annotations

Branches:
Dungeon (1/1)

Altars:
Cheibriados
Dithmenos
Elyvilon
Fedhas
Gozag
Hepliaklqana
Kikubaaqudgha
Makhleb
Nemelex Xobeh
Okawaru
Qazlal
Ru
Sif Muna
Trog
Uskayaw
Vehumet
Wu Jian
Xom
Yredelemnul
Zin
The Shining One
Beogh
Jiyva
Lugonu


Innate Abilities, Weirdness & Mutations

You cannot wear boots.
Your serpentine skin is tough. (AC +0)
You have supernaturally acute eyesight. (SInv)
Armour fits poorly on your strangely shaped body.
Your system is resistant to poisons. (rPois)
You cover ground very slowly.
You have a slow metabolism.
You can spit poison.


Message History

There is an open door to the Dungeon here.
The helpless hippogriff fails to defend itself.
You puncture the hippogriff!
The hippogriff looks as sick as possible!
The hippogriff is moderately wounded.
The hippogriff barely misses you. The hippogriff pecks you.
The hippogriff closely misses you.
You hit the hippogriff but do no damage.
The hippogriff looks as sick as possible!
The hippogriff is moderately wounded.
The hippogriff bites you! The hippogriff barely misses you.
The hippogriff claws you but does no damage.
You hit the hippogriff but do no damage.
The hippogriff is heavily wounded.
The bullfrog croaks.
The hippogriff bites you but does no damage.
The hippogriff pecks you. The hippogriff claws you.
* * * LOW HITPOINT WARNING * * *
The hippogriff bites you.
You die... ▓▓▓▓▓▓▓▓▓▓▓▓▓▓▓▓▓▓▓▓▓▓▓▓▓ +WFY.YZH@.[..)...'_______ ▓▓▓▓▓▓▓▓▓▓▓▓▓▓▓▓▓▓▓▓▓▓▓▓▓

You could see a hippogriff, a phantom, an ice beast, a sky beast, a bullfrog and a bat skeleton.

Vanquished Creatures
  An adder zombie (D)
  A leopard gecko (D)
  An orc (D)
  A bat zombie (D)
  2 jackals (D)
  2 kobolds (D)
  2 rats (D)
10 creatures vanquished.

Notes
Turn   | Place    | Note
-------+----------+-------------------------------------------
     0 | D        | Lanoc the Naga Enchanter began the quest for the Orb.
     0 | D        | Reached XP level 1. HP: 15/15 MP: 3/3
    19 | D        | Reached skill level 5 in Stealth
   324 | D        | Reached XP level 2. HP: 20/22 MP: 5/5
   336 | D        | Reached skill level 6 in Stealth
   346 | D        | Found a roughly hewn altar of Beogh.
   346 | D        | Found a snail-covered altar of Cheibriados.
   346 | D        | Found a shadowy altar of Dithmenos.
   346 | D        | Found a white marble altar of Elyvilon.
   346 | D        | Found a blossoming altar of Fedhas.
   346 | D        | Found an opulent altar of Gozag.
   347 | D        | Found a hazy altar of Hepliaklqana.
   348 | D        | Found a viscous altar of Jiyva.
   349 | D        | Found an ancient bone altar of Kikubaaqudgha.
   350 | D        | Found a corrupted altar of Lugonu.
   351 | D        | Became a worshipper of Dithmenos the Shadowed
   352 | D        | Found a burning altar of Makhleb.
   353 | D        | Found a sparkling altar of Nemelex Xobeh.
   354 | D        | Found an iron altar of Okawaru.
   355 | D        | Found a stormy altar of Qazlal.
   356 | D        | Found a sacrificial altar of Ru.
   357 | D        | Found a deep blue altar of Sif Muna.
   358 | D        | Found a bloodstained altar of Trog.
   359 | D        | Found a hide-covered altar of Uskayaw.
   360 | D        | Found a radiant altar of Vehumet.
   361 | D        | Found an ornate altar of the Wu Jian Council.
   362 | D        | Found a shimmering altar of Xom.
   363 | D        | Found a basalt altar of Yredelemnul.
   364 | D        | Found a glowing silver altar of Zin.
   365 | D        | Found a glowing golden altar of the Shining One.
   435 | D        | Learned a level 2 spell: Ensorcelled Hibernation
   508 | D        | Noticed a phantom
   508 | D        | Noticed a bullfrog
   508 | D        | Noticed an ice beast
   508 | D        | Noticed a sky beast
   508 | D        | Noticed a hippogriff
   513 | D        | Slain by a hippogriff

Vault maps used:
D:        linesprint

Skill      XL: |  1  2 |
---------------+-------+-----
Stealth        | 5 6 |  6.0
Dodging        | 2 |  2.1
Short Blades   | |  1.8
Spellcasting   | |  2.5
Hexes          | |  3.9

Action                   || total
-------------------------++-------
Melee: Dagger            ||    43
       Rapier            ||     3
 Abil: Spit Poison       ||     3
  Use: Potion            ||     3
 Stab: Sleeping          ||     1
Armor: Robe              ||     4
Dodge: Dodged            ||    24

Table legend:
 A = Non-vault XP
 B = Vault XP
 C = Vault XP percentage of total XP
 D = Non-vault monster count
 E = Vault monster count
 F = Vault count percentage of total count
                 A         B        C        D         E       F
            +---------+---------+-------+---------+---------+-------
      Total |       0 |      21 | 100.0 |       0 |      10 | 100.0
            +---------+---------+-------+---------+---------+-------
          D |       0 |      21 | 100.0 |       0 |      10 | 100.0
            +---------+---------+-------+---------+---------+-------
